 Dungeon Crawl Stone Soup version 0.22.0 (webtiles) character file.

28 Arkeny the Firebug (level 3, -5/26 HPs)
             Began as a Draconian Fire Elementalist on Aug 12, 2018.
             Slain by a gnoll
             ... wielding a +0 halberd
              (18 damage)
             ... on level 2 of the Dungeon.
             The game lasted 00:21:16 (1104 turns).

Arkeny the Firebug (Draconian Fire Elementalist)    Turns: 1104, Time: 00:21:16

Health: -5/26      AC:  6    Str: 10    XL:     3   Next: 0%
Magic:  6/6        EV: 12    Int: 15    God:
Gold:   30         SH:  0    Dex: 12    Spells: 5/6 levels left

rFire    . . .     SeeInvis .   p - +2 whip (drain)
rCold    . . .     Gourm    .   (no shield)
rNeg     . . .     Faith    .   (armour unavailable)
rPois    .         Spirit   .   (helmet restricted)
rElec    .         Reflect  .   (no cloak)
rCorr    .         Harm     .   (no gloves)
MR       .....                  k - +0 pair of boots
Stlth    ++........             (no amulet)
HPRegen  0.08/turn              (no ring)
MPRegen  0.10/turn              (no ring)

@: no status effects
A: unfitting armour, cold-blooded, AC +5
a: no special abilities


You were on level 2 of the Dungeon.
You were not hungry.

You visited 1 branch of the dungeon, and saw 2 of its levels.

You collected 30 gold pieces.

Inventory:

Hand Weapons
 c - a +0 whip
 e - a +0 club
 f - a +0 whip
 g - a +0 mace
 p - a +2 whip of draining (weapon)
 s - a cursed -2 dagger
Missiles
 a - 37 stones (quivered)
 d - 17 poisoned needles
 i - a throwing net
Armour
 k - a +0 pair of boots (worn)
 l - a +0 helmet
 m - a +0 robe
 o - a +0 leather armour
Scrolls
 j - a scroll of enchant weapon {unknown}
 q - a scroll of magic mapping {unknown}
 r - a scroll of amnesia {unknown}
 t - a scroll of teleportation
 u - a scroll of fog {unknown}
Potions
 n - a potion of might {unknown}


   Skills:
 + Level 0.1 Fighting
 + Level 0.1 Maces & Flails
 + Level 1.9 Dodging
 + Level 1.8 Stealth
 + Level 2.3 Spellcasting
 + Level 1.2 Conjurations
 + Level 3.6 Fire Magic


You had 5 spell levels left.
You knew the following spells:

 Your Spells              Type           Power        Failure   Level  Hunger
a - Flame Tongue          Conj/Fire      #....        8%          1    #......

Your spell library contained the following spells:

 Spells                   Type           Power        Failure   Level  Hunger
 Fireball                 Conj/Fire      #.........   91%         5    ######.
 Conjure Flame            Conj/Fire      #.......     24%         3    ###....
 Throw Flame              Conj/Fire      #.....       12%         2    ###....
 Sticky Flame             Conj/Fire      #.......     61%         4    #####..
 Inner Flame              Hex/Fire       #.......     30%         3    ###....


Dungeon Overview and Level Annotations

Branches:
Dungeon (2/15)

Altars:


Innate Abilities, Weirdness & Mutations

Your plain brown scales are hard. (AC +5)
You cannot fit into any form of body armour.
You are cold-blooded and may be slowed by cold attacks.


Message History

You kill the gnoll!
You have reached level 3!
Your experience leads to an increase in your attributes!
Increase (S)trength, (I)ntelligence, or (D)exterity?
Uppercase letters only, please.
Uppercase letters only, please.
You feel agile.
Your scales feel tougher.
Unknown command.
The gnoll misses you. The gnoll misses you. The gnoll barely misses you.
The gnoll misses you.
You see here a gnoll corpse.
You barely miss the gnoll. You tail-slap the gnoll.
The gnoll is lightly wounded.
The gnoll barely misses you. The gnoll hits you with a halberd.
You barely miss the gnoll. You tail-slap the gnoll.
The gnoll is heavily wounded.
The gnoll hits you from afar with a halberd!!
Ouch! That really hurt!
You die...

#.# #.# #.# #.#
#!# #.#
#.##########
#g@........#
g.....g#########.#
######. #<# #.# #.
#.# #.# #. #.# #.#
#. #.# #.# #. #.#
#.# .. #.###.#
#.....#


You could see 2 gnolls.

Vanquished Creatures
  2 gnolls (D:2)
  A goblin (D:1)
  2 hobgoblins (D:1)
  2 kobolds (D:1)
  A bat (D:1)
  2 rats (D:1)
10 creatures vanquished.

Notes
Turn   | Place    | Note
-------+----------+-------------------------------------------
     0 | D:1      | Arkeny the Draconian Fire Elementalist began the quest for the Orb.
     0 | D:1      | Reached XP level 1. HP: 14/14 MP: 3/3
   702 | D:1      | Reached XP level 2. HP: 17/20 MP: 5/5
  1099 | D:2      | Reached XP level 3. HP: 15/26 MP: 6/6
  1104 | D:2      | Slain by a gnoll

Action                   || total
-------------------------++-------
Melee: Unarmed           ||    15
       Whip              ||    11
       Tailslap          ||     2
 Cast: Flame Tongue      ||     9
  Use: Scroll            ||     2
       Potion            ||     2
  Eat: Ration            ||     1
Armor: Skin              ||     2
Dodge: Dodged            ||    21
